 Dungeon Crawl Stone Soup version 0.28.0 (webtiles) character file.

Game seed: 3988137995492934963

141512 SnakkuSnakku7 the Sharpshooter (level 16, -6/122 HPs)
             Began as a Mummy Cinder Acolyte on Feb 11, 2022.
             Was an Elder of Ignis.
             Mangled by a tarantella (9 damage)
             ... summoned by a broodmother
             ... on level 4 of the Lair of Beasts.
             The game lasted 01:04:44 (32426 turns).

SnakkuSnakku7 the Sharpshooter (MuCA)              Turns: 32426, Time: 01:04:45

Health: -6/122     AC: 34    Str: 23    XL:     16   Next: 78%
Magic:  15/23      EV: 11    Int: 18    God:    Ignis [****..]
Gold:   1181       SH:  0    Dex: 14    Spells: 23/25 levels left

rFire   + + +      SeeInvis .   b - +3 arbalest (flame)
rCold   + . .      Faith    .   (shield currently unavailable)
rNeg    + + +      Spirit   .   J - +10 plate armour {ponderous}
rPois   ∞          Reflect  .   k - +2 hat {Will+}
rElec   .          Harm     .   v - scarf {rC+ rF+}
rCorr   .          Rampage  .   D - +2 pair of gloves {infuse}
Will    +++..                   x - +4 pair of boots of Gextaxil {rPois rF+ rC- rN+++}
Stlth   ..........              e - amulet of regeneration
HPRegen 1.10/turn               m - +4 ring of slaying
MPRegen 0.18/turn               j - ring of Paggue {Contam rF+ rN+ Str+3 Dex+6}

@: slow
A: cold resistance 1, negative energy resistance 3, torment resistance 2, heat
vulnerability 1, in touch with death 1, no potions
a: Renounce Religion, Fiery Armour, Foxfire Swarm


You were on level 4 of the Lair of Beasts.
You worshipped Ignis.
Ignis was greatly pleased with you.
You visited 5 branches of the dungeon, and saw 26 of its levels.

You collected 2963 gold pieces.
You spent 1782 gold pieces at shops.

Inventory:

Hand Weapons
 a - the +8 dagger "Yryruag" {vamp, rPois Will+}
   (You found it on level 4 of the Dungeon)

   It occasionally heals its wielder for a portion of the damage dealt when it
   wounds a living foe.
   rPois:     It protects you from poison.
   Will:      It increases your willpower.
 b - a +3 arbalest of flaming (weapon)
Missiles
 y - 60 bolts (quivered ammo)
 z - 4 throwing nets
Armour
 k - a +2 hat of willpower (worn)
 v - a scarf of resistance (worn)
 x - the +4 pair of boots of Gextaxil (worn) {rPois rF+ rC- rN+++}
   (You bought it in a shop on level 13 of the Dungeon)

   rF:        It protects you from fire.
   rC:        It makes you vulnerable to cold.
   rPois:     It protects you from poison.
   rN:        It renders you almost immune to negative energy.
 A - a +0 cloak
 D - a +2 pair of gloves of infusion (worn)
 I - a +1 plate armour of cold resistance
 J - a +10 plate armour of ponderousness (worn)
Jewellery
 c - a ring of flight
 e - an amulet of regeneration (around neck)
 g - an amulet of guardian spirit
 j - the ring of Paggue (right hand) {Contam rF+ rN+ Str+3 Dex+6}
   (You found it on level 8 of the Dungeon)

   [ring of dexterity]

   Str:       It affects your strength (+3).
   Dex:       It affects your dexterity (+6).
   rF:        It protects you from fire.
   rN:        It protects you from negative energy.
   Contam:    It causes magical contamination when unequipped.
 m - a +4 ring of slaying (left hand)
 t - a ring of ice
 F - a ring of resist corrosion
 G - a ring of wizardry
 K - an amulet of magic regeneration
Wands
 n - a wand of charming (12)
 p - a wand of iceblast (9)
 q - a wand of flame (47)
 r - a wand of mindburst (13)
 u - a wand of polymorph (30)
 B - a wand of digging (18)
Scrolls
 d - 18 scrolls of identify
 f - 3 scrolls of magic mapping
 h - 7 scrolls of amnesia
 i - 5 scrolls of vulnerability
 l - 7 scrolls of teleportation
 s - 3 scrolls of fog
 w - a scroll of blinking
Miscellaneous
 H - a condenser vane (inert)


   Skills:
 - Level 10.0 Fighting
 - Level 8.0 Short Blades
 - Level 2.4 Maces & Flails
 + Level 16.2 Crossbows
 - Level 8.8 Armour
 - Level 10.1 Dodging
 - Level 5.0 Spellcasting
 - Level 8.0 Fire Magic
 - Level 8.0 Evocations


You had 23 spell levels left.
You knew the following spells:

 Your Spells              Type           Power      Damage    Failure   Level
a - Scorch                Fire           66%        2d8       10%         2

Your spell library contained the following spells:

 Spells                   Type           Power      Damage    Failure   Level
 Foxfire                  Conj/Fire      72%        2x1d7     34%         1
 Conjure Flame            Conj/Fire      18%        6-21      71%         3
 Inner Flame              Hex/Fire       18%        N/A       71%         3
 Magic Dart               Conj           16%        1d3       87%         1
 Call Imp                 Summ           4%         N/A       95%         2
 Flame Wave               Conj/Fire      18%        2d6       98%         4
 Call Canine Familiar     Summ           4%         N/A       99%         3
 Gell's Gravitas          Tloc           4%         N/A       99%         3
 Lesser Beckoning         Tloc           4%         N/A       99%         3
 Mephitic Cloud           Conj/Pois/Air  4%         N/A       99%         3
 Portal Projectile        Hex/Tloc       8%         N/A       99%         3
 Stone Arrow              Conj/Erth      8%         3d7       99%         3
 Teleport Other           Tloc           4%         N/A       99%         3
 Fulminant Prism          Conj/Hex       2%         3d6       100%        4
 Iskenderun's Mystic Bla  Conj/Tloc      4%         2d3       100%        4
 Leda's Liquefaction      Hex/Erth       2%         N/A       100%        4
 Borgnjor's Vile Clutch   Necr/Erth      3%         N/A       100%        5
 Excruciating Wounds      Necr           3%         N/A       100%        5
 Lee's Rapid Deconstruct  Erth           2%         3d5*      100%        5
 Iron Shot                Conj/Erth      2%         9d2       100%        6
 Blade Hands              Tmut           Unusable   N/A       N/A         5

Dungeon Overview and Level Annotations

Branches:
Dungeon (15/15)            Temple (0/1) D:5            Lair (6/6) D:9
 Shoals (0/4) Lair:2       Spider (1/4) Lair:4        Slime (0/5) Lair:5
    Orc (2/2) D:10            Elf (2/3) Orc:2        Vaults (0/5) D:13
 Depths (0/4) D:15

Altars:
Okawaru
Xom
Zin
Jiyva

Shops:
D:7 *   D:11 [   D:13 (=[[   D:15 =   Orc:2 [:([   Elf:2 !

Annotations:
Lair:1 Go to L6
Elf:1 Roxanne
Elf:2 5 runed translucent doors


Innate Abilities, Weirdness & Mutations

You are immune to poison.
Your flesh is cold resistant. (rC+)
You are immune to negative energy. (rN+++)
You are immune to unholy pain and torment.
You are vulnerable to heat. (rF-)
You are in touch with the powers of death.
You do not drink.


Message History

Fire: 63 bolts
Press: ? - help, Q - select action, (/) - cycle Shift-Dir - straight line, f/p - broodmother
Aim: a broodmother (severely wounded, 88% to hit)
You shoot a bolt. The bolt hits the broodmother.
The bolt burns the broodmother.
The broodmother is severely wounded.
The broodmother bites you but does no damage.
The broodmother bites you!
* * * LOW HITPOINT WARNING * * *
A spider bursts forth from the wound!
Fire: 62 bolts
Press: ? - help, Q - select action, (/) - cycle Shift-Dir - straight line, f/p - broodmother
Aim: a broodmother (severely wounded, 88% to hit)
Okay, then.
Okay, then.
Okay, then.
Okay, then.
Press: ? - help, v - describe, . - travel, g - get item
Here: a broodmother (severely wounded) Item here: 2 bolts.
The floor.
Fire: 62 bolts
Press: ? - help, Q - select action, (/) - cycle Shift-Dir - straight line, f/p - broodmother
Aim: a broodmother (severely wounded, 88% to hit)
You shoot a bolt. The bolt hits the broodmother.
The bolt burns the broodmother.
The broodmother is severely wounded.
The broodmother bites you!
* * * LOW HITPOINT WARNING * * *
A spider bursts forth from the wound!
Okay, then.
Fire: 61 bolts
Press: ? - help, Q - select action, (/) - cycle Shift-Dir - straight line, f/p - broodmother
Aim: a broodmother (severely wounded, 88% to hit)
You shoot a bolt. The bolt hits the broodmother!!
The bolt burns the broodmother.
The broodmother is almost dead.
The jumping spider leaps!
The broodmother summons a spider!
The tarantella touches you!
You die...

.# ##....## ##........## ##....
## ##..### #..........# #....#
.### ##....# #..........###.....
.>.# #.....###............#.....
...#####..>...............#......
...............#########.......##
...^....###.P.##^#.######.....#.#
.......## #..####s#^#.#.#..#...##
.....#.# ###.###@#.#.#^##......P#
.....#.# #...##s#######.#...#...#
.....### #...≈sss###.#......#...#
.....#####...≈.s..#.#............
........###.s≈...###.#...........
........#######†###.###.#........
#........## ##.#^#.#.###.......
###.......#######.#.#.#.###......
# #.......#...########.####......


You could see a broodmother, an orb spider (summoned), 2 jumping spiders, a
tarantella (summoned) and a redback.

Vanquished Creatures
  Rupert (Orc:2)
  Gastronok (Lair:1)
  The ghost of jfcaron the Prestidigitator, a journeyman GnWn of Lugonu (D:13)
  A stone giant (D:15)
  The ghost of Bricks the Blocker, a journeyman TrBe of Trog (Lair:5)
  5 dire elephants (Lair:6)
  A deep elf death mage (Elf:2)
  12 hydras
  Fannar (Lair:1)
  The ghost of pigah the Stormcaller, a journeyman OpAE of Ashenzari (Lair:2)
  8 vault guards (D:13)
  An ice dragon (Lair:5)
  7 boulder beetles
  2 ogre magi (Orc:2)
  Harold (D:7)
  The ghost of pkoi the Destroyer, a journeyman DrCj of Gozag (D:10)
  A jorogumo (Lair:4)
  2 catoblepae
  A death knight (D:15)
  12 two-headed ogres
  4 centaur warriors
  9 dancing weapons
  2 tengu warriors (D:15)
  3 death yaks
  Nergalle (Lair:2)
  A spectral death yak (Lair:6)
  12 deep elf knights
  A spectral anaconda (Lair:6)
  2 deep trolls (Orc:2)
  A glowing orange brain (D:15)
  3 deep elf archers
  An orc knight (D:10)
  A steelbarb worm (Lair:4)
  The ghost of Bricks the Ducker, a novice MiFi of Ru (D:4)
  An obsidian statue (Lair:6)
  2 phantasmal warriors (D:15)
  18 deep elf pyromancers
  20 deep elf zephyrmancers
  3 necromancers (Lair:6)
  11 ugly things
  2 orc sorcerers
  8 cyclopes
  8 elephants
  A molten gargoyle (Lair:1)
  3 black mambas
  A gargoyle (D:12)
  15 cane toads
  2 torpor snails
  A dire elephant skeleton (Lair:6)
  An unseen horror (D:7)
  15 komodo dragons
  Psyche (D:11)
  3 rime drakes
  2 efreet
  A tengu conjurer (D:15)
  12 trolls
  Prince Ribbit (D:7)
  A polar bear (Lair:5)
  A hornet (D:10)
  25 blink frogs
  15 slime creatures
  A snapping turtle (Lair:2)
  A meliai zombie (D:11)
  2 dream sheep
  A spectral elephant (Lair:6)
  A shadow (D:11)
  4 jumping spiders (Lair:4)
  2 water elementals (Elf:2)
  2 air elementals (Elf:2)
  3 spriggans (Lair:5)
  4 wraiths
  Sigmund (D:3)
  4 culicivoras (Lair:4)
  A ynoxinul (D:10)
  5 wyverns
  2 fire bats (Lair:1)
  40 yaks
  2 fire elementals
  3 basilisks
  4 steam dragons
  2 redbacks (Lair:4)
  3 vampire mosquitoes (D:13)
  4 death yak simulacra (Lair:6)
  A spectral cane toad (Lair:6)
  A warg (Orc:1)
  4 acid dragons
  Duvessa (D:6)
  A hydra simulacrum (Lair:6)
  18 water moccasins
  2 ice beasts
  A sky beast (D:5)
  2 black bears
  19 orc warriors
  A black mamba simulacrum (Lair:6)
  An elephant zombie (Lair:6)
  22 ogres
  25 wolves
  10 centaurs
  A necrophage (D:4)
  2 phantoms (D:10)
  3 boggarts (D:15)
  An elephant skeleton (Lair:6)
  2 kobold brigands (D:8)
  8 bullfrogs
  3 earth elementals
  A scorpion (D:6)
  A gnoll sergeant (Orc:1)
  2 cane toad simulacra (Lair:6)
  Dowan (D:6)
  18 killer bees
  A troll zombie (D:10)
  2 elephant simulacra (Lair:6)
  A wight (D:4)
  4 howler monkeys
  4 electric eels
  2 komodo dragon simulacra (Lair:6)
  3 hounds
  4 gnoll shamans
  18 orc priests
  2 bullfrog skeletons
  A centaur skeleton (D:5)
  4 jellies
  Crazy Yiuf (D:5)
  Natasha (D:4)
  9 orc wizards
  5 hell rats
  5 ogre zombies (D:10)
  A hound skeleton (D:4)
  Robin (D:2)
  19 gnolls
  2 adders
  3 ufetubi
  A worm (D:4)
  A dart slug (D:4)
  73 orcs
  2 endoplasms (D:1)
  A giant cockroach (D:2)
  10 hobgoblins
  18 kobolds
  2 quokkas
  7 ball pythons
  4 bats
  3 frilled lizards
  11 goblins
  A goblin skeleton (D:10)
  3 goblin zombies (D:10)
  2 hobgoblin skeletons (D:10)
  4 orc skeletons (D:10)
  9 orc zombies (D:10)
  4 rats
  A fire vortex (Lair:1)
  A plant (Lair:2)
772 creatures vanquished.

Vanquished Creatures (others)
  A deep elf pyromancer (Elf:1)
  A shadow (D:10)
  An orc (Orc:2)
  30 foxfires
  41 fungi
  72 plants
  28 withered plants (Lair:6)
174 creatures vanquished.

Grand Total: 946 creatures vanquished

Notes
Turn   | Place    | Note
-------+----------+-------------------------------------------
     0 | D:1      | SnakkuSnakku7 the Mummy Cinder Acolyte began the quest for
                  | the Orb.
     0 | D:1      | Reached XP level 1. HP: 18/18 MP: 2/2
   504 | D:1      | Reached XP level 2. HP: 20/24 MP: 4/4
   562 | D:1      | Learned a level 2 spell: Scorch
  1494 | D:2      | Found a faded altar of an unknown god.
  1930 | D:3      | Reached XP level 3. HP: 29/29 MP: 1/5
  2354 | D:3      | Noticed Sigmund
  2471 | D:3      | Noticed Robin
  2475 | D:2      | Killed Robin
  2476 | D:2      | Reached XP level 4. HP: 30/35 MP: 1/6
  2645 | D:3      | Killed Sigmund
  2646 | D:3      | Reached skill level 5 in Fire Magic
  2646 | D:3      | Reached XP level 5. HP: 41/41 MP: 1/7
  3164 | D:4      | Reached XP level 6. HP: 47/47 MP: 4/9
  3220 | D:4      | Identified the +8 dagger "Yryruag" {vamp, rPois Will+}
  3353 | D:4      | Noticed Natasha
  3367 | D:4      | Killed Natasha
  3398 | D:4      | Reached skill level 5 in Spellcasting
  3416 | D:4      | Noticed a steam dragon
  3428 | D:4      | Killed a steam dragon
  3429 | D:4      | Reached XP level 7. HP: 42/52 MP: 7/14
  3606 | D:5      | Entered Level 5 of the Dungeon
  3774 | D:5      | Found a large runed translucent door.
  3775 | D:5      | Found a large runed translucent door.
  3778 | D:5      | Noticed Bricks's ghost (novice MiFi)
  3931 | D:5      | Found a runed translucent door.
  3932 | D:5      | Noticed Crazy Yiuf
  4223 | D:5      | Reached XP level 8. HP: 58/58 MP: 8/15
  4269 | D:5      | Found a staircase to the Ecumenical Temple.
  4502 | D:5      | Killed Crazy Yiuf
  4675 | D:6      | Reached skill level 5 in Fighting
  4939 | D:6      | Noticed Dowan
  4940 | D:6      | Noticed Duvessa
  5300 | D:6      | Killed Duvessa
  5301 | D:6      | Reached XP level 9. HP: 60/72 MP: 6/16
  5308 | D:6      | Killed Dowan
  5937 | D:7      | Killed an unseen horror
  5970 | D:7      | Noticed Prince Ribbit
  5975 | D:7      | Killed Prince Ribbit
  6073 | D:7      | Found Hidasam's Overcharged Wands.
  6482 | D:7      | Noticed Harold
  6502 | D:7      | Killed Harold
  6503 | D:7      | Reached skill level 10 in Fighting
  6503 | D:7      | Reached skill level 1 in Dodging
  6819 | D:4      | Killed Bricks's ghost
  6965 | D:8      | Reached XP level 10. HP: 85/85 MP: 17/17
  7023 | D:8      | Identified the ring of Paggue {Contam rF+ rN+ Str+3 Dex+6}
  7648 | D:9      | Reached skill level 5 in Dodging
  8342 | D:9      | Found a staircase to the Lair.
  8428 | D:10     | Entered Level 10 of the Dungeon
  8428 | D:10     | Noticed pkoi's ghost (journeyman DrCj)
  8467 | D:10     | Found a runed translucent door.
  8823 | D:10     | Found a staircase to the Orcish Mines.
  8837 | D:10     | Reached XP level 11. HP: 83/90 MP: 18/18
  9295 | D:10     | Noticed a two-headed ogre
  9324 | D:10     | Killed a two-headed ogre
  9565 | Lair:1   | Entered Level 1 of the Lair of Beasts
  9655 | Lair:1   | Reached skill level 10 in Dodging
  9808 | Lair:1   | Reached skill level 1 in Crossbows
  9842 | Lair:1   | Reached skill level 2 in Crossbows
  9980 | Lair:1   | Reached skill level 3 in Crossbows
 10038 | Lair:1   | Noticed Fannar
 10070 | Lair:1   | Killed Fannar
 10071 | Lair:1   | Reached skill level 4 in Crossbows
 10096 | Lair:1   | Noticed Nergalle
 10390 | Lair:1   | Noticed Gastronok
 10484 | Lair:1   | Killed Gastronok
 10485 | Lair:1   | Reached skill level 5 in Crossbows
 11098 | Lair:2   | Reached skill level 6 in Crossbows
 11343 | Lair:1   | Reached XP level 12. HP: 46/97 MP: 16/19
 11558 | Lair:1   | Reached skill level 7 in Crossbows
 11955 | Lair:2   | Reached skill level 8 in Crossbows
 12262 | Lair:2   | Killed Nergalle
 12482 | Lair:1   | Reached skill level 9 in Crossbows
 12678 | Lair:2   | Found a staircase to the Shoals.
 12907 | Lair:3   | Noticed pigah's ghost (journeyman OpAE)
 12907 | Lair:3   | Found a runed translucent door.
 12907 | Lair:3   | Found a shimmering altar of Xom.
 13180 | Lair:3   | Reached skill level 10 in Crossbows
 13456 | Lair:3   | Noticed a death yak
 13457 | Lair:3   | Noticed a death yak
 13470 | Lair:3   | Noticed a death yak
 13512 | Lair:2   | Killed a death yak
 13513 | Lair:2   | Reached skill level 1 in Short Blades
 13642 | Lair:2   | Killed a death yak
 13800 | Lair:3   | Killed a death yak
 13801 | Lair:3   | Gained mutation: You are in touch with the powers of death.
                  | [Mummy growth]
 13801 | Lair:3   | Reached XP level 13. HP: 103/103 MP: 20/20
 14422 | Lair:3   | Reached skill level 5 in Short Blades
 15477 | Lair:4   | Found a hole to the Spider Nest.
 16240 | Lair:5   | Found a viscous altar of Jiyva.
 16241 | Lair:5   | Found a staircase to the Slime Pits.
 16506 | Lair:5   | You fall into a shaft and drop 1 floor!
 16506 | Lair:6   | Entered Level 6 of the Lair of Beasts
 16551 | Lair:6   | Noticed a dire elephant
 16552 | Lair:6   | Noticed a dire elephant
 16553 | Lair:6   | Noticed a dire elephant
 16553 | Lair:6   | Noticed a dire elephant
 16558 | Lair:6   | Noticed a dire elephant
 16579 | Lair:6   | Found a runed translucent gate.
 16740 | Lair:5   | Reached skill level 11 in Crossbows
 17054 | Lair:5   | Found a runed translucent door.
 17642 | Lair:6   | Found a runed translucent gate.
 17660 | Lair:6   | Found a runed translucent gate.
 17965 | Lair:6   | Killed a dire elephant
 17973 | Lair:6   | Noticed Bricks's ghost (journeyman TrBe)
 18563 | Lair:6   | Reached XP level 14. HP: 94/110 MP: 21/21
 18665 | Lair:6   | Reached skill level 12 in Crossbows
 19229 | Lair:5   | Killed Bricks's ghost
 20116 | Lair:6   | Reached skill level 1 in Armour
 20389 | D:10     | Killed pkoi's ghost
 20422 | D:10     | Got Fine's Reference Book on Earth
 21093 | D:11     | Found Wadghiam's Armour Boutique.
 21096 | D:11     | Bought a +2 pair of gloves of infusion for 322 gold pieces
 21205 | D:11     | Noticed Psyche
 21207 | D:11     | Killed Psyche
 22008 | D:12     | Reached skill level 5 in Armour
 22764 | Orc:1    | Entered Level 1 of the Orcish Mines
 23223 | Orc:2    | Entered Level 2 of the Orcish Mines
 23268 | Orc:2    | Noticed Rupert
 23760 | Orc:2    | Killed Rupert
 23761 | Orc:2    | Reached skill level 1 in Evocations
 23829 | Orc:2    | Found Miut's Book Boutique.
 24182 | Orc:2    | Reached skill level 5 in Evocations
 24218 | Orc:2    | Found Xyptir's Antique Armour Boutique.
 24219 | Orc:2    | Found Veusuklu's Weapon Shoppe.
 24244 | Orc:2    | Reached XP level 15. HP: 115/115 MP: 11/22
 24662 | Orc:2    | Found a staircase to the Elven Halls.
 24663 | Orc:2    | Found Yczoiroh's Antique Armour Shop.
 25146 | D:13     | Found Coto's Armour Boutique.
 25210 | D:13     | Found a runed translucent door.
 25301 | D:13     | Found a gate to the Vaults.
 25433 | D:13     | Found an iron altar of Okawaru.
 25504 | D:13     | Found Quijov's Jewellery Boutique.
 25768 | D:13     | Found Uwuhaimi's Antique Armour Shoppe.
 25776 | D:13     | Bought a pair of smoking boots for 218 gold pieces
 25776 | D:13     | Identified the +4 pair of boots of Gextaxil {rPois rF+ rC-
                  | rN+++} (You bought it in a shop on level 13 of the Dungeon)
 25776 | D:13     | Bought a faintly glowing plate armour for 644 gold pieces
 25776 | D:13     | Identified the +1 plate armour "Hekuthol" {rElec Dex+8}
                  | (You bought it in a shop on level 13 of the Dungeon)
 25789 | D:13     | Bought a runed plate armour for 598 gold pieces
 25934 | D:13     | Noticed jfcaron's ghost (journeyman GnWn)
 25985 | D:13     | Killed jfcaron's ghost
 26059 | D:13     | Found Gafaq's Weapon Shop.
 27380 | D:15     | Entered Level 15 of the Dungeon
 27634 | D:15     | Reached skill level 13 in Crossbows
 27669 | D:15     | Found Hutitepu's Jewellery Shoppe.
 28215 | D:15     | Found a staircase to the Depths.
 28781 | Lair:6   | Reached XP level 16. HP: 53/122 MP: 23/23
 29171 | Elf:1    | Entered Level 1 of the Elven Halls
 29229 | Elf:1    | Reached skill level 14 in Crossbows
 29643 | Elf:1    | Identified Roxanne's Incunabulum of Earth
 29643 | Elf:1    | Noticed Roxanne
 30081 | Elf:1    | Reached skill level 15 in Crossbows
 30769 | Elf:2    | Paralysed by an air elemental for 1 turns
 30774 | Elf:2    | Paralysed by an air elemental for 1 turns
 31144 | Elf:2    | Found Nakoovic's Distillery.
 31281 | Elf:2    | Found a runed translucent door.
 31281 | Elf:2    | Paralysed by an air elemental for 1 turns
 31322 | Elf:2    | Reached skill level 16 in Crossbows
 31425 | Elf:2    | Identified the +4 plate armour "Inarud" {Rampage rF+ rCorr}
 31626 | Elf:2    | Found a huge runed translucent gate.
 31628 | Elf:2    | Found a huge runed translucent gate.
 31633 | Elf:2    | Found a huge runed translucent gate.
 31634 | Elf:2    | Found a huge runed translucent gate.
 31634 | Elf:2    | Found a huge runed translucent gate.
 31926 | Lair:2   | Killed pigah's ghost
 32219 | Spider:1 | Entered Level 1 of the Spider Nest
 32425 | Lair:4   | HP: 2/122 [broodmother (11)]
 32426 | Lair:4   | Mangled by a tarantella

Illustrated notes

Levels and vault maps discovered:
D:1:      dpeg_arrival_lava_temple_mockup, layout_basic, minmay_tetromino_i2
D:2:      layout_loops_corners, shapermc_ecumenical_altar_hornbeckon,
          serial_bayou_pond_a, minmay_misc_feat_nine_boxes
D:3:      layout_basic, dk_vineyard_2, uniq_robin, uniq_sigmund
D:4:      minmay_chambers_of_fours, layout_rooms, uniq_natasha
D:5:      layout_loops_ring, minmay_temple_entry_junction,
          ebering_ghost_disaster_area, uniq_crazy_yiuf_cottage
D:6:      layout_basic, mainiacjoe_overflow_24_doors, minmay_fractal_squares_5,
          uniq_duvessa
D:7:      layout_layer_cave, nicolae_shop_overcharged_wands, uniq_harold,
          uniq_prince_ribbit1
D:8:      layout_loops_ring
D:9:      layout_basic, erik_lair_dragon
D:10:     layout_roguey, zombieorc1_lemuel, hellmonk_ghost_big_iron,
          chequers_serial_rivers_micro_b
D:11:     layout_basic, serial_shops, kennysheep_mini, uniq_psyche
D:12:     layout_gridville
D:13:     layout_irregular_city, erik_vaults_2, serial_shops, shop, shop, shop,
          nicolae_shop_temple_entry_statues_fountains,
          ebering_ghost_reflecting_pool, okawaru_gym_becter
D:14:     layout_basic, serial_park_tiny_pond
D:15:     grunt_enter_depths_snipers, layout_basic, special_room
          [special_room_orc], serial_shops, shop, minmay_crystal_room
Lair:1:   layout_gridlike, nicolae_quartered_pool_super,
          chequers_serial_rivers_large_b, minmay_holes, uniq_gastronok,
          uniq_nergalle, uniq_fannar
Lair:2:   layout_cave_pods, minmay_shoals_entry_hut, grunt_forest_stairs_basic,
          lemuel_fruit_tree, grunt_megastairs_2
Lair:3:   layout_layer_cave, ebering_ghost_xom, columned_hall_lemuel,
          beast_lair_carwin_1
Lair:4:   layout_layer_cave, nicolae_spider_entry_tight_spaces,
          grunt_forest_small_clearing_treed
Lair:5:   wad_woods_settlement, layout_layer_cave, slime_altar_1,
          pf_torpor_hydra
Lair:6:   due_jungle_book, layout_loops_ring, gammafunk_ghost_icy
Spider:1: nicolae_spider_hilbert_zone_2 [nicolae_spider_hilbert_4_sides_1_open,
          nicolae_spider_hilbert_4_sides_1_open,
          nicolae_spider_hilbert_4_sides_1_open,
          nicolae_spider_hilbert_4_sides_1_open,
          nicolae_spider_hilbert_6_sides_1_open,
          nicolae_spider_hilbert_6_sides_1_open,
          nicolae_spider_hilbert_3_sides_1_open,
          nicolae_spider_hilbert_3_sides_1_open,
          nicolae_spider_hilbert_3_sides_1_open,
          nicolae_spider_hilbert_3_sides_1_open,
          nicolae_spider_hilbert_6_sides_1_open,
          nicolae_spider_hilbert_6_sides_1_open,
          nicolae_spider_hilbert_6_sides_1_open,
          nicolae_spider_hilbert_6_sides_1_open],
          nicolae_spider_baby_got_redback, uniq_azrael
Orc:1:    layout_diamond_mine
Orc:2:    st_orc_open, layout_caves, uniq_rupert
Elf:1:    eino_elf_arrival_shootout, layout_geoelf_octagon,
          hangedman_elven_crosses_minicolossus, uniq_roxanne
Elf:2:    elven_hall_of_blades_hangedman_alternative
          [nicolae_vaults_blade_armed_guards], layout_onion_city, serial_shops,
          shop, minivault_13, uniq_nikola

Skill      XL: |  1  2  3  4  5  6  7  8  9 10 11 12 13 14 15 16 |
---------------+-------------------------------------------------+-----
Fire Magic     | 3 4 5 6 7 8 |  8.0
Spellcasting   | 2 5 |  5.0
Fighting       | 7 10 | 10.0
Dodging        | 3 8 10 | 10.1
Crossbows      | 6 10 11 12 13 16 | 16.2
Short Blades   | 3 8 |  8.0
Armour         | 6 8 |  8.8
Evocations     | 5 8 |  8.0
Maces & Flails | |  2.4

Action                   |  1- 3 |  4- 6 |  7- 9 | 10-12 | 13-15 | 16-18 || total
-------------------------+-------+-------+-------+-------+-------+-------++-------
Melee: Mace              |   117 |    32 |       |     4 |       |       ||   153
       Punch             |     1 |     2 |     2 |    21 |    50 |    13 ||    89
       Dagger            |       |    30 |   168 |   944 |  2285 |   571 ||  3998
 Fire: Arbalest          |       |       |       |    24 |   161 |    36 ||   221
 Cast: Scorch            |    15 |    11 |    87 |   139 |       |       ||   252
Invok: Foxfire Swarm     |       |       |       |       |     2 |       ||     2
       Rising Flame      |       |       |       |       |     1 |       ||     1
Evoke: Wand              |       |       |       |     3 |    18 |       ||    21
       Condenser vane    |       |       |       |       |     4 |     1 ||     5
  Use: Scroll            |       |       |    13 |     9 |    10 |     2 ||    34
 Stab: Distracted        |       |       |       |     1 |       |       ||     1
       Paralysed         |       |       |       |       |     4 |       ||     4
       Petrified         |       |       |       |       |     1 |       ||     1
       Sleeping          |       |       |       |       |     1 |       ||     1
Armor: Robe              |    29 |       |       |       |       |       ||    29
       Animal skin       |       |    24 |    26 |       |       |       ||    50
       Steam dragon scal |       |       |    46 |   303 |   213 |       ||   562
       Plate armour      |       |       |       |       |   664 |   294 ||   958
Dodge: Dodged            |    79 |    39 |   117 |   917 |  1083 |   166 ||  2401
